 Dungeon Crawl Stone Soup version 0.24-a0-434-gd57e52f (webtiles) character file.

Game seed: 7335668583752484279

37 silenth the Cudgeler (level 3, -2/29 HPs)
             Began as a Human Berserker on June 16, 2019.
             Was a Believer of Trog.
             Slain by a gnoll
             ... wielding a +0 spear
              (9 damage)
             ... on level 2 of the Dungeon.
             The game lasted 00:02:01 (1193 turns).

silenth the Cudgeler (Human Berserker)              Turns: 1193, Time: 00:02:02

Health: -2/29      AC:  2    Str: 16 (17) XL:     3   Next: 60%
Magic:  3/3        EV: 12    Int:  5 (7)  God:    Trog [**....]
Gold:   113        SH:  0    Dex: 12 (13) Spells: 2/2 levels left

rFire    . . .     SeeInvis .   a - +0 mace
rCold    . . .     Gourm    .   (no shield)
rNeg     . . .     Faith    .   b - +0 animal skin
rPois    .         Spirit   .   (no helmet)
rElec    .         Reflect  .   (no cloak)
rCorr    .         Harm     .   (no gloves)
MR       .....                  (no boots)
Stlth    +.........             (no amulet)
HPRegen  0.09/turn              (no ring)
MPRegen  0.08/turn              (no ring)

@: berserk cooldown
A: no striking features
a: Berserk, Trog's Hand, Renounce Religion


You were on level 2 of the Dungeon.
You worshipped Trog.
Trog was pleased with you.
You were not hungry.

You visited 1 branch of the dungeon, and saw 2 of its levels.

You collected 113 gold pieces.

Inventory:

Hand Weapons
 a - a +0 mace (weapon)
 i - a +0 hunting sling
Missiles
 l - 6 javelins (quivered)
Armour
 b - a +0 animal skin (worn)
Scrolls
 d - 4 scrolls of identify {unknown}
 f - a scroll of teleportation {unknown}
 g - 2 scrolls of enchant weapon {unknown}
 h - a scroll of immolation {unknown}
 j - a scroll of remove curse {unknown}
Potions
 c - a potion of cancellation
Comestibles
 e - 2 rations


   Skills:
 + Level 3.4 Fighting
 * Level 4.0 Maces & Flails
 - Level 2.0 Armour
 - Level 2.0 Dodging


You had 2 spell levels left.
You didn't know any spells.
Your spell library was empty.

Dungeon Overview and Level Annotations

Branches:
Dungeon (2/15)

Altars:


Message History

* * * LOW HITPOINT WARNING * * *
The gnoll hits you from afar with a +0 spear.
* * * LOW HITPOINT WARNING * * *
The giant cockroach closely misses you. The giant cockroach closely misses you.
The giant cockroach barely misses you.
You see here a throwing net.
The giant cockroach closely misses you. x2
Found a fizzy green potion.
Found an escape hatch in the ceiling.
Your skin stops crawling.
You feel less resistant to hostile enchantments.
The giant cockroach barely misses you. The giant cockroach closely misses you.
The giant cockroach waves its antennae.
The giant cockroach barely misses you.
Eat a chunk of flesh? (ye/n/q)
You eat the chunk of flesh.
This raw flesh tastes terrible.
The giant cockroach bites you but does no damage.
The gnoll hits you from afar with a +0 spear!
You die...

...# .... ####### ..... #.....#
.....### #.....#
.......##########.....#
....##................#
..........#######.....#
........(.# #......#
###.......# ##@.....# ####
#.......#####s......######..#
###.......#..gg.#######.......#
..#..>....gg##### ..###.<##
#.........### #...##
##........###### #.###
#............... #.#
##....g..#....## ##)#
####...........# ##..###


You could see 2 gnolls and a giant cockroach.

Vanquished Creatures
  A worm (D:2)
  6 bats
  2 giant cockroaches
  7 goblins
  2 hobgoblins (D:1)
  4 jackals (D:1)
  2 kobolds (D:1)
  3 ball pythons
  2 frilled lizards (D:1)
  A rat (D:2)
30 creatures vanquished.

Notes
Turn   | Place    | Note
-------+----------+-------------------------------------------
     0 | D:1      | silenth the Human Berserker began the quest for the Orb.
     0 | D:1      | Reached XP level 1. HP: 18/18 MP: 1/1
   136 | D:1      | Reached XP level 2. HP: 20/24 MP: 2/2
   474 | D:1      | You fall into a shaft and drop 1 floor!
   522 | D:2      | Reached XP level 3. HP: 27/29 MP: 3/3
  1002 | D:1      | Reached ** piety under Trog
  1135 | D:2      | Reached skill level 4 in Maces & Flails
  1167 | D:2      | HP: 2/29 [gnoll/+0 spear (6)]
  1175 | D:2      | HP: 2/29 [gnoll/+0 club (4)]
  1193 | D:2      | Slain by a gnoll

Levels and vault maps discovered:
D:1:      minmay_arrival_nine_rooms, layout_basic
D:2:      layout_rooms, minmay_lizard_pond, uniq_jessica

Skill      XL: |  1  2  3 |
---------------+----------+-----
Maces & Flails | 4 |  4.0
Fighting       | |  3.4
Armour         | |  2.0
Dodging        | |  2.0

Action                   || total
-------------------------++-------
Melee: Mace              ||    93
Invok: Berserk           ||     1
       Trog's Hand       ||     1
  Use: Potion            ||     2
 Stab: Sleeping          ||     3
  Eat: Chunk             ||     2
Armor: Animal skin       ||    24
Dodge: Dodged            ||    92

Table legend:
 A = Non-vault XP
 B = Vault XP
 C = Vault XP percentage of total XP
 D = Non-vault monster count
 E = Vault monster count
 F = Vault count percentage of total count
                 A         B        C        D         E       F
            +---------+---------+-------+---------+---------+-------
      Total |      53 |       0 |   0.0 |      30 |       0 |   0.0
            +---------+---------+-------+---------+---------+-------
        D:1 |      35 |       0 |   0.0 |      20 |       0 |   0.0
        D:2 |      18 |       0 |   0.0 |      10 |       0 |   0.0
            +---------+---------+-------+---------+---------+-------
